[Event "Titled Tuesday Blitz April 4 Early 2023"]
[White "Lach, Aleksandra"]
[Black "Demin, Vladimir"]
[WhiteFideId "1134299"]
[BlackFideId "4167457"]
[WhiteElo "2111"]
[BlackElo "2540"]
[Result "0-1"]
[Round "07"]
[TimeControl "180+2"]
[Date "2023.04.04"]
[WhiteClock "0:01:35"]
[BlackClock "0:01:11"]

1. c4 e6 2. g3 d5 3. cxd5 exd5 4. Bg2 Nf6 5. d4 Be7 6. Nf3 O-O 7. O-O c6 8. Nc3 Bf5 9. Bf4 h6 10. h3 Nbd7 11. Ne5 Nxe5 12. dxe5 Nd7 13. g4 Be6 14. e4 dxe4 15. Bxe4 Qa5 16. Qe2 Rfe8 17. Bc2 Qb4 18. Bg3 Nf8 19. a3 Qc5 20. Ne4 Qc4 21. Bd3 Qb3 22. Rac1 Rad8 23. Rc3 Qb6 24. Kh2 Bd5 25. f4 Ne6 26. f5 Nd4 27. Qe1 Qxb2+ 28. Rf2 Nf3+ 29. Kh1 Nxe1 30. Rxb2 Nxd3 0-1


[Site "https://www.chess.com"]

[Event "Titled Tuesday Blitz April 4 Early 2023"]
[White "Staudenhocker43"]
[Black "Iljin, Timofey"]
[BlackFideId "14110180"]
[WhiteElo "2538"]
[BlackElo "2382"]
[Result "1-0"]
[Round "07"]
[TimeControl "180+2"]
[Date "2023.04.04"]
[WhiteClock "0:01:27"]
[BlackClock "0:01:02"]

1. c4 f5 2. d4 Nf6 3. Nf3 g6 4. g3 Bg7 5. Bg2 O-O 6. O-O d6 7. Nc3 Qe8 8. Re1 e5 9. dxe5 dxe5 10. e4 Nc6 11. exf5 Bxf5 12. Bf4 Nh5 13. Bxe5 Nxe5 14. Nxe5 Bxe5 15. Qd5+ Be6 16. Qxe5 Bxc4 17. Qxc7 Qf7 18. Qxf7+ Rxf7 19. b3 Ba6 20. Bd5 Rf8 21. Re7 1-0


[Site "https://www.chess.com"]

[Event "Titled Tuesday Blitz April 4 Early 2023"]
[White "Turzo, Attila"]
[Black "Tarasova, Viktoriya"]
[WhiteFideId "704954"]
[BlackFideId "4175840"]
[WhiteElo "2517"]
[BlackElo "2182"]
[Result "1/2-1/2"]
[Round "07"]
[TimeControl "180+2"]
[Date "2023.04.04"]
[WhiteClock "0:00:16"]
[BlackClock "0:00:06"]

1. e4 e5 2. Nf3 Nc6 3. d4 exd4 4. Nxd4 Nf6 5. Nxc6 bxc6 6. e5 Qe7 7. Qe2 Nd5 8. h4 a5 9. g3 Ba6 10. c4 Nb6 11. b3 a4 12. Ba3 Qe6 13. Bxf8 Kxf8 14. Bh3 Qe7 15. O-O d5 16. Nd2 g6 17. f4 Kg7 18. f5 Qc5+ 19. Kh2 Rhe8 20. f6+ Kh8 21. e6 dxc4 22. Nxc4 Nxc4 23. bxc4 Bxc4 24. Qd2 Bxe6 25. Qh6 Qf8 26. Qxf8+ Rxf8 27. Bxe6 fxe6 28. g4 g5 29. hxg5 Ra5 30. Rae1 Rxg5 31. Rxe6 Rxg4 32. Rxc6 Rf7 33. Re1 Rg8 34. Kh3 Rgf8 35. Ree6 h6 36. Kg4 Kh7 37. Kf5 h5 38. Rc4 Kh6 39. Rec6 Ra8 40. Re4 Ra5+ 41. Re5 Rxe5+ 42. Kxe5 Kg6 43. Ra6 h4 44. Rxa4 Rxf6 45. Rxh4 Ra6 46. Rh2 Kf7 47. Kd5 Ke7 48. Kc5 Kd7 49. Kb5 Ra8 50. a4 Rb8+ 51. Kc5 Ra8 52. Rh7+ Kc8 53. Kb5 Rb8+ 54. Kc5 Ra8 55. Rh4 Kb7 56. Kb5 Rg8 57. a5 Rg5+ 58. Kb4 Rg1 59. Rh7 Rb1+ 60. Kc5 Rc1+ 61. Kb5 Rb1+ 62. Kc4 Rc1+ 63. Kb4 Rb1+ 64. Kc3 Ra1 65. Kb4 Rb1+ 1/2-1/2


[Site "https://www.chess.com"]

[Event "Titled Tuesday Blitz April 4 Early 2023"]
[White "Padmini, Rout"]
[Black "Ruperez Benito, Antonio"]
[WhiteFideId "5029295"]
[BlackFideId "22245049"]
[WhiteElo "2314"]
[BlackElo "2273"]
[Result "1-0"]
[Round "07"]
[TimeControl "180+2"]
[Date "2023.04.04"]
[WhiteClock "0:00:23"]
[BlackClock "0:01:39"]

1. e4 e6 2. d4 d5 3. Nc3 Bb4 4. e5 c5 5. a3 Bxc3+ 6. bxc3 Qa5 7. Bd2 Qa4 8. Nf3 b6 9. h4 Ba6 10. h5 h6 11. Rh4 Bxf1 12. Kxf1 Nd7 13. Rg4 Kf8 14. Kg1 Qc6 15. a4 Ne7 16. a5 c4 17. Nh4 b5 18. Rf4 Ke8 19. Bc1 g5 20. hxg6 fxg6 21. Ba3 Rg8 22. Qg4 Nf5 23. Nxg6 Kd8 24. Rxf5 exf5 25. Qh4+ Kc7 26. Ne7 Qe6 27. Nxg8 Rxg8 28. Bd6+ Kc6 29. a6 Rg4 30. Qd8 1-0


[Site "https://www.chess.com"]

[Event "Titled Tuesday Blitz April 4 Early 2023"]
[White "Chernomordik, Pavel"]
[Black "Weishaeutel, Moritz"]
[WhiteFideId "2804530"]
[BlackFideId "12967300"]
[WhiteElo "2193"]
[BlackElo "2301"]
[Result "1/2-1/2"]
[Round "07"]
[TimeControl "180+2"]
[Date "2023.04.04"]
[WhiteClock "0:01:41"]
[BlackClock "0:02:15"]

1. e4 e5 2. Nf3 Nf6 3. Nc3 Nc6 4. d4 exd4 5. Nxd4 Bb4 6. Nxc6 bxc6 7. Bd3 d5 8. exd5 cxd5 9. O-O O-O 10. h3 h6 11. Qf3 c6 12. Bf4 Bd6 13. Rad1 Be6 14. Rfe1 Bxf4 15. Qxf4 Qb8 16. Qxb8 Raxb8 17. b3 Rfe8 18. Na4 Nd7 19. f4 f6 20. Kf2 Kf8 21. Bg6 Re7 22. Re2 Bf7 23. Rxe7 Kxe7 24. Bf5 Nb6 25. Nc5 Kd6 26. Ne4+ Kc7 27. Nc5 Kd6 28. Ne4+ Kc7 29. Nc5 Re8 30. Re1 Rxe1 31. Kxe1 Kd6 32. Nb7+ Kc7 33. Nc5 Kd6 34. Nb7+ Kc7 35. Nc5 1/2-1/2


[Site "https://www.chess.com"]

[Event "Titled Tuesday Blitz April 4 Early 2023"]
[White "Shuvalov, Evgenij"]
[Black "Avazkhonov, Alikhon"]
[WhiteFideId "4187237"]
[BlackFideId "14208504"]
[WhiteElo "2080"]
[BlackElo "1739"]
[Result "0-1"]
[Round "07"]
[TimeControl "180+2"]
[Date "2023.04.04"]
[WhiteClock "0:00:29"]
[BlackClock "0:00:10"]

1. d4 Nf6 2. c4 e6 3. Nc3 Bb4 4. f3 c5 5. d5 exd5 6. cxd5 d6 7. e4 O-O 8. Ne2 Re8 9. Ng3 Nbd7 10. Be2 Ne5 11. O-O Bd7 12. Be3 a6 13. Rf2 b5 14. Nf1 Rc8 15. h3 c4 16. Bd4 Bc5 17. Ne3 b4 18. Nb1 Qb6 19. Bxc5 Qxc5 20. Nc2 Ba4 21. a3 Nd3 22. Bxd3 cxd3 23. Qxd3 Bxc2 24. Qxa6 Bxe4 25. Nd2 Bxd5 26. axb4 Qxb4 27. Nf1 Bc4 28. Qa3 Qb6 29. Nd2 Re2 30. Qa7 Qxa7 31. Rxa7 Rxf2 32. Kxf2 Be6 33. Ke3 g6 34. g4 Rc2 35. Rb7 Nd5+ 36. Kd3 Rc1 37. Ne4 Nf4+ 38. Kd2 Rc6 39. g5 Nxh3 40. Rb8+ Rc8 41. Rxc8+ Bxc8 42. Nxd6 Be6 43. Ne4 Bd5 44. Nf6+ Kg7 45. Nxd5 Nxg5 46. Ke3 Ne6 47. b4 f5 48. b5 Kf7 49. b6 Nd8 50. Nb4 Ke6 51. Kd4 Kd6 52. f4 Nc6+ 53. Kc4 Nxb4 54. Kxb4 Kc6 55. Ka5 Kb7 56. Kb5 h5 57. Kc5 h4 58. Kd4 h3 59. Ke3 h2 60. Kf2 h1=Q 0-1


[Site "https://www.chess.com"]

[Event "Titled Tuesday Blitz April 4 Early 2023"]
[White "Korelskiy, Egor"]
[Black "HamedWafa4"]
[WhiteFideId "34329064"]
[WhiteElo "2186"]
[BlackElo "2368"]
[Result "1-0"]
[Round "07"]
[TimeControl "180+2"]
[Date "2023.04.04"]
[WhiteClock "0:00:05"]
[BlackClock "0:00:06"]

1. e4 e5 2. Nf3 Nc6 3. Bb5 a6 4. Ba4 Nf6 5. O-O Be7 6. Re1 b5 7. Bb3 O-O 8. h3 Bb7 9. d3 d6 10. c3 Na5 11. Bc2 c5 12. Nbd2 Nc6 13. Nf1 Re8 14. Ng3 Bc8 15. d4 exd4 16. cxd4 Bf8 17. Bg5 h6 18. Be3 Bb7 19. d5 Ne5 20. Nd2 c4 21. f4 Ng6 22. Nf3 Rc8 23. Qd2 a5 24. a3 Nd7 25. Bd4 Nc5 26. Nf5 Ne7 27. Ng3 Ng6 28. Rad1 Be7 29. Nf5 Bf6 30. e5 dxe5 31. fxe5 Bg5 32. Nxg5 hxg5 33. Nd6 Nf4 34. Bxc5 Bxd5 35. Nxc8 Qxc8 36. Be3 Nxg2 37. Qxd5 Nh4 38. Qe4 Qxh3 39. Qh7+ Kf8 40. Bc5+ Re7 41. Qh8# 1-0


[Site "https://www.chess.com"]

[Event "Titled Tuesday Blitz April 4 Early 2023"]
[White "Dushyant Sharma"]
[Black "Jimenez Jimenez, Leandro"]
[WhiteFideId "25065130"]
[BlackFideId "6415253"]
[WhiteElo "2198"]
[BlackElo "2263"]
[Result "1-0"]
[Round "07"]
[TimeControl "180+2"]
[Date "2023.04.04"]
[WhiteClock "0:00:10"]
[BlackClock "0:00:09"]

1. e4 e5 2. Nf3 Nc6 3. Nc3 Nf6 4. Bb5 Nd4 5. Nxd4 exd4 6. e5 dxc3 7. exf6 Qxf6 8. bxc3 Qe5+ 9. Be2 b6 10. d4 Qe6 11. O-O Bb7 12. Bf3 O-O-O 13. Bxb7+ Kxb7 14. Qf3+ Qc6 15. Qxf7 Qxc3 16. Bg5 Rc8 17. Qxd7 Bd6 18. Be3 g5 19. Rab1 g4 20. Qxg4 Rhg8 21. Qf3+ Kb8 22. g3 Rcf8 23. Qg2 Qxc2 24. Rfc1 Qe2 25. Rc3 h5 26. h4 Rg4 27. Rbc1 Rfg8 28. Bg5 Rf8 29. R3c2 Qb5 30. Re1 Rxd4 31. Rce2 Qd5 32. Qh3 Rd3 33. Re8+ Rxe8 34. Rxe8+ Kb7 35. Qc8+ Kc6 36. Qa8+ Kb5 37. Qxd5+ Rxd5 38. Rh8 Rd1+ 39. Kg2 Ra1 40. Rxh5 Rxa2 41. Be7+ Kc6 42. Bxd6 cxd6 43. Rh8 a5 44. h5 a4 45. h6 a3 46. h7 Kb7 47. Re8 Ra1 48. h8=Q Kc6 49. Qxa1 Kb5 50. Qxa3 1-0


[Site "https://www.chess.com"]

[Event "Titled Tuesday Blitz April 4 Early 2023"]
[White "Yu, Jason"]
[Black "crosky"]
[WhiteFideId "30907624"]
[WhiteElo "2492"]
[BlackElo "2362"]
[Result "1-0"]
[Round "07"]
[TimeControl "180+2"]
[Date "2023.04.04"]
[WhiteClock "0:01:11"]
[BlackClock "0:00:03"]

1. e4 c6 2. d4 d5 3. Nd2 dxe4 4. Nxe4 Nf6 5. Nxf6+ exf6 6. b3 Bd6 7. Bb2 O-O 8. Bd3 Re8+ 9. Ne2 Nd7 10. O-O Nf8 11. c4 Be6 12. Qc2 Qd7 13. Rad1 Rad8 14. Nc3 Ng6 15. d5 cxd5 16. cxd5 Bg4 17. f3 Bh5 18. Bb5 Qc7 19. Bxe8 Bxh2+ 20. Kh1 Rxe8 21. g4 Bd6 22. gxh5 Nf4 23. Rfe1 Rc8 24. Qf5 g6 25. Qxf6 Qd7 26. Qh4 Nxh5 27. Rd2 Qf5 28. Qg4 Ng3+ 29. Kg2 Qf6 30. Ne4 1-0


[Site "https://www.chess.com"]

[Event "Titled Tuesday Blitz April 4 Early 2023"]
[White "Santos Flores, Alberto"]
[Black "Gallegos Diaz, Carlos Alberto"]
[WhiteFideId "3601234"]
[BlackFideId "3900886"]
[WhiteElo "2235"]
[BlackElo "2362"]
[Result "0-1"]
[Round "07"]
[TimeControl "180+2"]
[Date "2023.04.04"]
[WhiteClock "0:00:20"]
[BlackClock "0:00:20"]

1. e4 d6 2. d4 Nf6 3. Nc3 c6 4. Nf3 Qa5 5. Bd3 e5 6. O-O Be7 7. h3 O-O 8. Be3 Nbd7 9. Nd2 Re8 10. f4 Bf8 11. dxe5 dxe5 12. f5 b5 13. Qf3 Bc5 14. g4 Bxe3+ 15. Qxe3 Qb6 16. Qxb6 axb6 17. a3 h6 18. Nb3 Nc5 19. Nxc5 bxc5 20. Rad1 Ba6 21. b4 Bb7 22. Ra1 Red8 23. bxc5 Nd7 24. Be2 Nxc5 25. Kf2 Na4 26. Nxa4 Rxa4 27. Ke3 c5 28. Bf3 Rda8 29. Rfb1 Rxa3+ 30. Rxa3 Rxa3+ 31. Rb3 b4 32. Be2 Bc6 33. Bc4 Ba4 34. Rxa3 bxa3 35. Kd2 Kf8 36. Kc1 Bc6 37. Bd3 c4 38. Bxc4 Bxe4 39. Kb1 Bg2 40. h4 Bf3 41. g5 hxg5 42. hxg5 f6 43. gxf6 gxf6 44. Ka2 e4 45. Kxa3 e3 46. Kb4 e2 47. Bxe2 Bxe2 48. Kc5 Ke7 49. Kd4 Bg4 50. Ke4 Kd6 51. Kf4 Bd1 52. c3 Bb3 53. Ke4 Bd5+ 54. Kd4 Bb7 55. c4 Bc8 56. Ke4 Kc5 57. Kf4 Kxc4 58. Ke4 Kc5 0-1


[Site "https://www.chess.com"]

[Event "Titled Tuesday Blitz April 4 Early 2023"]
[White "Nguyen, Hong Anh"]
[Black "Fajdetic, Hrvoje"]
[WhiteFideId "12406732"]
[BlackFideId "14501945"]
[WhiteElo "2054"]
[BlackElo "2185"]
[Result "0-1"]
[Round "07"]
[TimeControl "180+2"]
[Date "2023.04.04"]
[WhiteClock "0:00:18"]
[BlackClock "0:00:39"]

1. d4 e6 2. c4 f5 3. g3 Nf6 4. Bg2 Be7 5. Nc3 O-O 6. Qc2 d6 7. Nf3 Nc6 8. O-O e5 9. dxe5 dxe5 10. Rd1 Qe8 11. e4 Qh5 12. Nd5 Bd8 13. Nxf6+ Bxf6 14. exf5 Bxf5 15. Qb3 Bg4 16. Rf1 Na5 17. Qe3 Nxc4 18. Qb3 Kh8 19. h3 Be6 20. Qxb7 Bxh3 21. Qxc7 Bxg2 22. Kxg2 Qxf3+ 23. Kxf3 Bd8+ 24. Kg2 Bxc7 25. b3 Nd6 26. Ba3 Rf6 27. Rac1 Bb6 28. Bb2 Bd4 29. Ba3 Ne4 30. f3 Nd2 31. Rfd1 Nxf3 32. Rc7 Ng5 33. Be7 Rf2+ 34. Kh1 Nf3 0-1


[Site "https://www.chess.com"]

[Event "Titled Tuesday Blitz April 4 Early 2023"]
[White "Kraus, Tomas"]
[Black "Baches Garcia, Guillermo"]
[WhiteFideId "331708"]
[BlackFideId "2209764"]
[WhiteElo "2389"]
[BlackElo "2465"]
[Result "1-0"]
[Round "07"]
[TimeControl "180+2"]
[Date "2023.04.04"]
[WhiteClock "0:00:10"]
[BlackClock "0:00:02"]

1. e4 d5 2. exd5 Qxd5 3. Nc3 Qa5 4. d4 c6 5. Nf3 Nf6 6. Bd3 Bf5 7. O-O e6 8. Bf4 Nbd7 9. Re1 Bb4 10. a3 Bxc3 11. bxc3 O-O 12. Bd6 Rfe8 13. Bb4 Qc7 14. Bxf5 exf5 15. Qd3 g6 16. a4 Re4 17. Nd2 Rxe1+ 18. Rxe1 Nd5 19. Nf3 N7f6 20. Ne5 Rd8 21. f3 Kg7 22. Ba3 b5 23. Bc1 bxa4 24. Qd2 Kg8 25. c4 Nb6 26. c3 c5 27. Qh6 cxd4 28. Bg5 Rd6 29. Nxg6 fxg6 30. Bxf6 Qf7 31. Bxd4 a3 32. Re8+ Qxe8 33. Qg7# 1-0


[Site "https://www.chess.com"]

[Event "Titled Tuesday Blitz April 4 Early 2023"]
[White "Goltseva, Ekaterina"]
[Black "Alberto, Manuel"]
[WhiteFideId "24173770"]
[BlackFideId "10100148"]
[WhiteElo "2200"]
[BlackElo "2166"]
[Result "1-0"]
[Round "07"]
[TimeControl "180+2"]
[Date "2023.04.04"]
[WhiteClock "0:00:10"]
[BlackClock "0:00:10"]

1. h4 e5 2. h5 h6 3. b3 d5 4. Bb2 Nd7 5. g3 c6 6. Bg2 Ngf6 7. Nf3 Bd6 8. Nh4 Nc5 9. d4 exd4 10. Qxd4 Qe7 11. Nc3 a5 12. O-O-O a4 13. e4 axb3 14. axb3 Ne6 15. Qd2 Ba3 16. Na4 Bxb2+ 17. Kxb2 b5 18. Nf5 Qf8 19. Qc3 Bd7 20. Nb6 Qa3+ 21. Kb1 Ra6 22. Nxd7 Nxd7 23. exd5 b4 24. Qb2 Qxb2+ 25. Kxb2 cxd5 26. Bxd5 Ndc5 27. Rhe1 O-O 28. Ne7+ Kh8 29. Nc6 Rfa8 30. Nxb4 Ng5 31. Nxa6 Rxa6 32. Bc4 Rb6 33. f4 Nge4 34. Bxf7 Nxg3 35. Re8+ Kh7 36. Rdd8 g5 37. hxg6+ Kg7 38. Rg8+ Kf6 39. Bc4 Nf5 40. Rdf8+ Ke7 41. Rxf5 1-0


[Site "https://www.chess.com"]

[Event "Titled Tuesday Blitz April 4 Early 2023"]
[White "WindWhistler11"]
[Black "Aponte Ramos, Argimiro"]
[BlackFideId "3900568"]
[WhiteElo "2460"]
[BlackElo "2216"]
[Result "0-1"]
[Round "07"]
[TimeControl "180+2"]
[Date "2023.04.04"]
[WhiteClock "0:00:33"]
[BlackClock "0:01:29"]

1. Nf3 a6 2. g3 b5 3. d3 Bb7 4. Nbd2 Nf6 5. e4 e6 6. Bg2 d5 7. O-O dxe4 8. Ng5 Be7 9. Ngxe4 Nxe4 10. dxe4 O-O 11. a4 Nd7 12. Qe2 Nc5 13. Rd1 Nxa4 14. Nc4 Qc8 15. Na5 Rb8 16. Nxb7 Qxb7 17. Rd7 Bc5 18. e5 Qb6 19. b3 Nc3 20. Qd3 Bxf2+ 21. Kf1 Bg1 22. Qf3 Nd5 23. h4 f6 24. Qg4 Qf2# 0-1


[Site "https://www.chess.com"]

[Event "Titled Tuesday Blitz April 4 Early 2023"]
[White "Yonal, Timur"]
[Black "Moral Garcia, Serafin"]
[WhiteFideId "44115725"]
[BlackFideId "2201925"]
[WhiteElo "1966"]
[BlackElo "2274"]
[Result "0-1"]
[Round "07"]
[TimeControl "180+2"]
[Date "2023.04.04"]
[WhiteClock "0:00:02"]
[BlackClock "0:00:33"]

1. e4 c5 2. Nf3 e6 3. d4 cxd4 4. Nxd4 Nc6 5. Nc3 Qc7 6. Be2 a6 7. O-O Nf6 8. Be3 Bb4 9. f3 Bxc3 10. bxc3 d5 11. Nxc6 Qxc6 12. Bd4 dxe4 13. Bxf6 gxf6 14. fxe4 Qxc3 15. Rf3 Qe5 16. Rd3 Kf8 17. Rb1 Rg8 18. Rbb3 Rg5 19. h4 Rg6 20. h5 Rg5 21. h6 b5 22. Rd8+ Ke7 23. Rh8 Bb7 24. Rxa8 Bxa8 25. Rd3 Bc6 26. Qd2 Qc7 27. Qb4+ Ke8 28. c4 Bxe4 29. Re3 Bc6 30. cxb5 axb5 31. Bxb5 Bxb5 0-1


[Site "https://www.chess.com"]

[Event "Titled Tuesday Blitz April 4 Early 2023"]
[White "Kornyukov, Alexey"]
[Black "Melikhov, Evgeny V."]
[WhiteFideId "4150457"]
[BlackFideId "4122046"]
[WhiteElo "2352"]
[BlackElo "2158"]
[Result "0-1"]
[Round "07"]
[TimeControl "180+2"]
[Date "2023.04.04"]
[WhiteClock "0:00:19"]
[BlackClock "0:00:22"]

1. e4 c5 2. Nf3 d6 3. c3 Nf6 4. Be2 Bd7 5. d3 Bc6 6. Be3 Nbd7 7. O-O e6 8. Nbd2 Be7 9. d4 Nxe4 10. Nxe4 Bxe4 11. dxc5 Nxc5 12. Bxc5 dxc5 13. Bb5+ Bc6 14. Bxc6+ bxc6 15. Qa4 Qb6 16. Ne5 Qb5 17. Qe4 O-O 18. Qxc6 Qxc6 19. Nxc6 Bf6 20. Rfd1 Rfc8 21. Na5 Rab8 22. Rab1 g6 23. Nc4 Rd8 24. g3 Rd5 25. Ne3 Rxd1+ 26. Nxd1 Rd8 27. b4 cxb4 28. cxb4 Rd2 29. a4 Bd4 30. a5 a6 31. Kf1 Kg7 32. h4 h5 33. Ne3 Bxe3 34. fxe3 Ra2 35. b5 axb5 36. Rxb5 Kf6 37. e4 Ra4 38. e5+ Kf5 39. Kf2 Kg4 40. Rb7 Rxa5 41. Rxf7 Rxe5 42. Rf6 Rf5+ 43. Rxf5 exf5 44. Kg2 f4 45. gxf4 Kxh4 46. Kf3 Kh3 47. f5 gxf5 48. Kf2 Kg4 49. Kg2 f4 50. Kf2 f3 51. Kf1 Kg3 52. Kg1 f2+ 53. Kf1 h4 54. Ke2 Kg2 55. Ke3 f1=Q 56. Ke4 h3 57. Kd4 h2 58. Kc5 h1=Q 59. Kc6 Qf5 60. Kc7 Qh6 61. Kb7 Qf7+ 62. Ka8 Qhf8# 0-1


[Site "https://www.chess.com"]

[Event "Titled Tuesday Blitz April 4 Early 2023"]
[White "Kaczur, Florian"]
[Black "Ramirez Vido, Robert Yorisan"]
[WhiteFideId "705098"]
[BlackFideId "3513823"]
[WhiteElo "2485"]
[BlackElo "2398"]
[Result "1-0"]
[Round "07"]
[TimeControl "180+2"]
[Date "2023.04.04"]
[WhiteClock "0:02:05"]
[BlackClock "0:01:36"]

1. e4 d6 2. d4 Nf6 3. Qd3 g6 4. Ne2 Bg7 5. Nbc3 O-O 6. h4 Nc6 7. f3 e5 8. Be3 exd4 9. Nxd4 Ne5 10. Qd2 h5 11. O-O-O Be6 12. Kb1 Bc4 13. Bg5 Bxf1 14. Rhxf1 c6 15. Nb3 a5 16. Qxd6 Qxd6 17. Rxd6 Nh7 18. Bf4 Rfd8 19. Rxd8+ Rxd8 20. Nxa5 b6 21. Bxe5 bxa5 22. Bxg7 Kxg7 23. Rd1 Rxd1+ 24. Nxd1 1-0


[Site "https://www.chess.com"]

[Event "Titled Tuesday Blitz April 4 Early 2023"]
[White "Krzywda, Andrzej"]
[Black "Pranav Anand"]
[WhiteFideId "1114565"]
[BlackFideId "46626786"]
[WhiteElo "2155"]
[BlackElo "2389"]
[Result "1-0"]
[Round "07"]
[TimeControl "180+2"]
[Date "2023.04.04"]
[WhiteClock "0:00:06"]
[BlackClock "0:00:34"]

1. e4 c5 2. Nf3 Nc6 3. d4 cxd4 4. Nxd4 Nf6 5. Nc3 d6 6. Bg5 e6 7. Qd2 a6 8. O-O-O Bd7 9. f3 Nxd4 10. Qxd4 Be7 11. Kb1 Qc7 12. h4 h6 13. Be3 h5 14. Qd2 b5 15. Bd3 Rb8 16. Ne2 b4 17. Rc1 O-O 18. Rhg1 Bc6 19. Nd4 Bb7 20. c4 bxc3 21. Qxc3 Qd8 22. Qc7 d5 23. e5 Nd7 24. f4 Qxc7 25. Rxc7 Rfd8 26. g3 Bf8 27. Rgc1 Ba8 28. Bxa6 Nb6 29. Bd3 Na4 30. Nb3 d4 31. Bd2 Nb6 32. Ba5 Nd5 33. Ra7 Re8 34. Nxd4 Ba3 35. Nb3 Bb4 36. Bxb4 Nxb4 37. Be2 Be4+ 38. Ka1 Nc2+ 39. Rxc2 Bxc2 40. Nd4 Be4 41. Bxh5 g6 42. Be2 Red8 43. Ra4 Rbc8 44. b3 Rc1+ 45. Kb2 Re1 46. Bb5 Rd1 47. Nc6 R8d2+ 48. Kc3 Bb1 49. Ra8+ Kg7 50. Ne7 Rd8 51. Rxd8 Rxd8 52. Nc6 Rc8 53. a4 Be4 54. Kb4 Bxc6 55. Bxc6 Rxc6 56. Kb5 Rc3 57. b4 Kf8 58. Kb6 Ke8 59. a5 Kd8 60. a6 Kc8 61. a7 Ra3 62. b5 Ra1 63. g4 Ra4 64. h5 gxh5 65. gxh5 1-0


[Site "https://www.chess.com"]

[Event "Titled Tuesday Blitz April 4 Early 2023"]
[White "EREBUNI91"]
[Black "Yanayt, Eugene"]
[BlackFideId "2020165"]
[WhiteElo "2646"]
[BlackElo "2083"]
[Result "0-1"]
[Round "07"]
[TimeControl "180+2"]
[Date "2023.04.04"]
[WhiteClock "0:00:16"]
[BlackClock "0:00:08"]

1. e4 c5 2. Nc3 g6 3. d4 cxd4 4. Qxd4 Nf6 5. Nf3 Nc6 6. Qa4 d6 7. e5 dxe5 8. Nxe5 Bd7 9. Nxd7 Nxd7 10. Bb5 Bg7 11. Be3 O-O 12. O-O Nb6 13. Qh4 e5 14. Bg5 Qd4 15. Qh3 e4 16. Rad1 Qe5 17. Qg3 Rac8 18. Bf4 Qe6 19. Rd6 Qf5 20. Be2 h5 21. Rfd1 Nb4 22. a3 Nxc2 23. Nd5 Rce8 24. Nxb6 axb6 25. R1d5 Qc8 26. Rd7 e3 27. Rc7 exf2+ 28. Qxf2 Qe6 29. Rd6 Qxe2 30. Rxc2 Qe4 31. Rcd2 Rc8 32. h3 Rc1+ 33. Kh2 Rb1 34. Bg3 Ra1 35. Rd7 Qb1 36. Rxb7 Qh1# 0-1


[Site "https://www.chess.com"]

[Event "Titled Tuesday Blitz April 4 Early 2023"]
[White "Florescu, Codrut-Constantin"]
[Black "Skaric, Djuro"]
[WhiteFideId "1202200"]
[BlackFideId "934569"]
[WhiteElo "2191"]
[BlackElo "2282"]
[Result "1-0"]
[Round "07"]
[TimeControl "180+2"]
[Date "2023.04.04"]
[WhiteClock "0:01:05"]
[BlackClock "0:00:53"]

1. e4 d6 2. d4 g6 3. Nc3 Bg7 4. Bg5 Nf6 5. Qd2 h6 6. Bh4 O-O 7. Be2 Nc6 8. O-O-O a6 9. f4 b5 10. a3 Bb7 11. e5 dxe5 12. dxe5 Qxd2+ 13. Rxd2 Nh5 14. Bxh5 gxh5 15. Nf3 Rfd8 16. Rhd1 Rxd2 17. Rxd2 Rd8 18. Rxd8+ Nxd8 19. Bxe7 Ne6 20. Ne2 Bxf3 21. gxf3 Kh7 22. f5 Ng5 23. f4 Nf3 24. f6 Bh8 25. h3 Kg6 26. c4 Kf5 27. cxb5 axb5 28. b3 c6 29. a4 Ke6 30. a5 Kd7 31. Kc2 Kc7 32. Kd3 Ne1+ 33. Ke4 Nc2 34. b4 Na3 35. Ng3 c5 36. Bxc5 Kc6 37. Nf5 Nc4 38. Nd4+ Kb7 39. Nxb5 1-0


[Site "https://www.chess.com"]

[Event "Titled Tuesday Blitz April 4 Early 2023"]
[White "Ansh M Shah"]
[Black "Kozin, Yuri"]
[WhiteFideId "25033379"]
[BlackFideId "4129920"]
[WhiteElo "2084"]
[BlackElo "2564"]
[Result "1-0"]
[Round "07"]
[TimeControl "180+2"]
[Date "2023.04.04"]
[WhiteClock "0:00:54"]
[BlackClock "0:00:05"]

1. d4 d5 2. c4 c6 3. cxd5 cxd5 4. Nc3 Nf6 5. Bf4 Nc6 6. e3 a6 7. Nf3 Bg4 8. Rc1 Bxf3 9. gxf3 e6 10. Qb3 Bd6 11. Bxd6 Qxd6 12. Qxb7 O-O 13. Nxd5 Qxd5 14. Qxc6 Qxa2 15. Qc3 Rfb8 16. Bc4 Qxb2 17. Qxb2 Rxb2 18. Bxa6 g6 19. Bd3 Ra3 20. Be4 Raa2 21. O-O Kg7 22. Bb1 Ra1 23. Bd3 Raa2 24. Bc4 Ra4 25. Kg2 g5 26. h3 h5 27. Bd3 Ra3 28. Rc2 Rbb3 29. Bc4 Rc3 30. Rfc1 Rxc2 31. Rxc2 g4 32. hxg4 hxg4 33. fxg4 Nxg4 34. Be2 Nf6 35. Bf3 Kg6 36. Rb2 Rc3 37. Ra2 Nh7 38. Be4+ Kg7 39. Bxh7 Kxh7 40. Kf3 Kg7 41. Ke4 Kf6 42. f4 Rc1 43. Rh2 Rd1 44. Rh6+ Kg7 45. Rh5 Kf6 46. f5 Rf1 47. Rh6+ Kg5 48. fxe6 1-0


[Site "https://www.chess.com"]

[Event "Titled Tuesday Blitz April 4 Early 2023"]
[White "Todorovic, Bojan"]
[Black "Dixit, Nikhil"]
[WhiteFideId "917087"]
[BlackFideId "5059534"]
[WhiteElo "2266"]
[BlackElo "2207"]
[Result "0-1"]
[Round "07"]
[TimeControl "180+2"]
[Date "2023.04.04"]
[WhiteClock "0:00:19"]
[BlackClock "0:01:10"]

1. d4 Nf6 2. c4 g6 3. Nc3 Bg7 4. e4 d6 5. Nf3 O-O 6. Be2 e5 7. O-O exd4 8. Nxd4 Re8 9. f3 Nc6 10. Nc2 Nh5 11. g4 Be5 12. f4 Bxc3 13. bxc3 Nf6 14. e5 dxe5 15. Qxd8 Rxd8 16. f5 gxf5 17. Bg5 Nxg4 18. Bxd8 Nxd8 19. Rad1 Be6 20. h3 Nf6 21. Ne3 f4 22. Nd5 Nxd5 23. cxd5 Bxh3 24. Rf2 Bf5 25. Bc4 Kf8 26. Re1 f6 27. Rb2 b6 28. Bf1 Nf7 29. c4 Nd6 30. c5 bxc5 0-1


[Site "https://www.chess.com"]

[Event "Titled Tuesday Blitz April 4 Early 2023"]
[White "Matveeva, Olga"]
[Black "Rodchenkov, Sergey D."]
[WhiteFideId "24107018"]
[BlackFideId "4168712"]
[WhiteElo "2056"]
[BlackElo "2277"]
[Result "1/2-1/2"]
[Round "07"]
[TimeControl "180+2"]
[Date "2023.04.04"]
[WhiteClock "0:00:06"]
[BlackClock "0:00:15"]

1. d4 d5 2. c4 dxc4 3. Nf3 Nf6 4. e3 e6 5. Bxc4 c5 6. O-O a6 7. dxc5 Bxc5 8. Qxd8+ Kxd8 9. Rd1+ Ke7 10. a3 b5 11. Be2 Bb7 12. b4 Bd6 13. Bb2 Nbd7 14. Nbd2 Rac8 15. Rac1 Nb6 16. Nd4 g6 17. f3 e5 18. N4b3 Na4 19. Ba1 Bd5 20. e4 Ba8 21. Kf2 Bb8 22. Nc5 Nxc5 23. bxc5 Ba7 24. Nb3 Nd7 25. Ke1 f6 26. Bc3 Nb8 27. Bb4 Nc6 28. Rd6 Rhd8 29. Rcd1 Nxb4 30. axb4 Rxd6 31. Rxd6 Rc6 32. Rd1 Bb8 33. Na5 Rc8 34. Rd2 Bc7 35. Nb3 Rd8 36. Bd1 Rxd2 37. Kxd2 Bc6 38. Kd3 Bd7 39. Bc2 Be6 40. Bd1 Kd7 41. Kc3 h5 42. Be2 h4 43. h3 g5 44. Bf1 f5 45. exf5 Bxf5 46. Bd3 Be6 47. Be2 Bd5 48. Bd3 Bd8 49. Be2 e4 50. fxe4 Bxe4 51. Bf3 Bf6+ 52. Kd2 Bxf3 53. gxf3 Bb2 54. Na5 Bd4 55. Nb3 Be5 56. Kd3 Ke6 57. Na5 Bc7 58. Nc6 Kd5 59. Nd4 Ke5 60. Nc6+ Kf5 61. Nd4+ Kf4 62. Ke2 Kg3 63. Nf5+ Kf4 64. Nd4 Be5 65. Nc6 Bc3 66. Nb8 Bxb4 67. Nxa6 Ba3 68. c6 Bd6 69. c7 Bxc7 70. Nxc7 b4 71. Nd5+ Kg3 72. Nxb4 Kxh3 73. Nd3 Kg2 74. Ne5 h3 75. Ng4 Kg3 76. Ke3 h2 77. Nxh2 Kxh2 78. Kf2 Kh3 79. Ke3 Kg3 80. Ke2 Kf4 81. Kf2 Ke5 82. Ke3 Kf5 83. Kf2 Kf4 84. Kg2 Ke3 85. Kg3 Ke2 86. f4 gxf4+ 87. Kxf4 1/2-1/2


[Site "https://www.chess.com"]